 Dungeon Crawl Stone Soup version 0.21.0-3-g78d12a8 (webtiles) character file.

1535 theanonym the Tainter (level 8, -1/41 HPs)
             Began as a Tengu Venom Mage on Jan 17, 2018.
             Was a Follower of Sif Muna.
             Hit by a stone thrown by a wight (2 damage)
             ... on level 7 of the Dungeon.
             The game lasted 00:29:44 (9466 turns).

theanonym the Tainter (Tengu Venom Mage)            Turns: 9466, Time: 00:29:45

Health: -1/41      AC:  3    Str:  8    XL:     8   Next: 86%
Magic:  13/13      EV: 14    Int: 19    God:    Sif Muna [*.....]
Gold:   147        SH:  4    Dex: 14    Spells: 4/13 levels left

rFire    . . .     SeeInvis .   m - +1 falchion (holy)
rCold    . . .     Gourm    .   k - +0 buckler (curse)
rNeg     . . .     Faith    .   a - +1 robe {0}
rPois    .         Spirit   .   (helmet restricted)
rElec    .         Reflect  .   (no cloak)
rCorr    +         Harm     .   (no gloves)
MR       .....                  (boots unavailable)
Stlth    ++........             (no amulet)
HPRegen  0.13/turn              j - ring of resist corrosion {rCorr}
MPRegen  0.13/turn              (no ring)

@: flying quickly and evasively, heavily drained, divine energy, quick
A: beak, talons 3, able to fly 1
a: Stop Divine Energy, Renounce Religion


Innate Abilities, Weirdness & Mutations

You have a beak for a mouth.
You have claws for feet.
You can fly.


   Skills:
 - Level 3.6(2.3) Dodging
 - Level 2.0(0.7) Stealth
 + Level 3.2(1.9) Shields
 - Level 3.0(1.6) Spellcasting
 - Level 3.8(2.5) Conjurations
 - Level 6.1(4.7) Air Magic
 + Level 8.2(6.7) Poison Magic


You had 4 spell levels left.
You knew the following spells:

 Your Spells              Type           Power        Failure   Level  Hunger
b - Poisonous Vapours     Pois/Air       ###...       3%          2    ###....
d - Mephitic Cloud        Conj/Pois/Air  ###.....     10%         3    ###....
p - Olgreb's Toxic Radia  Pois           ####....     14%         4    #####..

Skill      XL: |  1  2  3  4  5  6  7  8 |
---------------+-------------------------+-----
Conjurations   | 2 3 |  3.8
Air Magic      | 1 2 3 4 5 6 |  6.1
Poison Magic   | 4 6 8 |  8.2
Spellcasting   | 3 |  3.0
Dodging        | 3 |  3.6
Shields        | 3 |  3.2
Stealth        | |  2.0

Action                   |  1- 3 |  4- 6 |  7- 9 || total
-------------------------+-------+-------+-------++-------
Melee: Unarmed           |     4 |       |       ||     4
       Peck              |     3 |     2 |     9 ||    14
       Kick              |     2 |     2 |    21 ||    25
       Short sword       |    16 |    34 |    10 ||    60
       Falchion          |       |       |    54 ||    54
 Cast: Sting             |    51 |    47 |       ||    98
       Poisonous Vapours |    10 |    59 |    43 ||   112
       Mephitic Cloud    |       |     2 |     2 ||     4
       Olgreb's Toxic Ra |       |     1 |     1 ||     2
Invok: Divine Energy     |       |       |     1 ||     1
 Abil: Fly               |       |     1 |    10 ||    11
Evoke: Wand              |       |       |    25 ||    25
  Use: Scroll            |       |     9 |     1 ||    10
       Potion            |       |       |     1 ||     1
 Stab: Distracted        |       |     1 |       ||     1
       Invisible         |       |       |     1 ||     1
       Sleeping          |       |       |     1 ||     1
  Eat: Chunk             |     4 |    16 |     4 ||    24
       Ration            |       |     1 |     3 ||     4
Armor: Robe              |     6 |    24 |    13 ||    43
Dodge: Dodged            |    16 |    41 |    66 ||   123
       Rpst.: Falchion   |       |       |     7 ||     7

Inventory:

Hand Weapons
 f - a +1 short sword
   (You found it on level 1 of the Dungeon)
 m - a +1 falchion of holy wrath (weapon)
   (You took it off Eustachio on level 5 of the Dungeon)
Armour
 a - a +1 robe (worn) {0}
 k - a cursed +0 buckler (worn)
   (You bought it in a shop on level 7 of the Dungeon)
Jewellery
 j - a ring of resist corrosion (left hand) {rCorr}
   (You found it on level 4 of the Dungeon)
Scrolls
 b - a scroll of blinking
 g - 4 scrolls of teleportation {unknown}
 h - a scroll of remove curse {unknown}
 n - a scroll of enchant armour
 r - a scroll of enchant weapon
Potions
 c - a potion of berserk rage {unknown}
 d - a potion of resistance {rF+ rC+}
 o - a potion of degeneration {unknown}
 p - a potion of might {unknown}
 q - 2 potions of heal wounds
Books
 i - a Young Poisoner's Handbook
Comestibles
 e - 2 rations
 s - 3 chunks of flesh


You were on level 7 of the Dungeon.
You worshipped Sif Muna.
Sif Muna was aware of your devotion.
You were not hungry.

You visited 2 branches of the dungeon, and saw 8 of its levels.

You collected 196 gold pieces.
You spent 49 gold pieces at shops.

Dungeon Overview and Level Annotations

Branches:
Dungeon (7/15)             Temple (1/1) D:4

Altars:
Ashenzari
Cheibriados
Dithmenos
Elyvilon
Fedhas
Gozag
Hepliaklqana
Makhleb
Nemelex Xobeh
Okawaru
Ru
Sif Muna
Trog
Uskayaw
Vehumet
Wu Jian
Xom
Yredelemnul
Zin
The Shining One

Shops:
D:7 [

Annotations:
D:6 Menkaure
D:7 exclusions: necrophage and wight

.# #.......##...♣≈##.#
.# #........##≈♣≈###.#
.# #.........##)###..#
.######............#
#.##
∩.....[[..........####.#
.......[##.######.# #..#
........##.# ##z# #.##
......#.##.# #.(# #.#
....[...##z# #@####.#
...[.....#.# ##(# #..#
.....[)....# #).# #.##
.......<...# ##(## #.#
.<.........# #..# ##.#
#####.#...## #.## #..#
#.#...# #.# #.## #
##.###.# #(# #.#
####..##..####.# ##.#


You could see a wight.

Notes
Turn   | Place    | Note
-------+----------+-------------------------------------------
     0 | D:1      | theanonym the Tengu Venom Mage began the quest for the Orb.
     0 | D:1      | Reached XP level 1. HP: 10/10 MP: 4/4
   453 | D:1      | Reached skill level 2 in Conjurations
   453 | D:1      | Reached XP level 2. HP: 15/15 MP: 0/6
   476 | D:1      | Learned a level 2 spell: Poisonous Vapours
   712 | D:1      | Reached skill level 1 in Air Magic
   816 | D:1      | Reached XP level 3. HP: 19/19 MP: 2/7
   867 | D:1      | Learned a level 3 spell: Mephitic Cloud
  1474 | D:2      | Reached skill level 3 in Conjurations
  1603 | D:2      | Found a hide-covered altar of Uskayaw.
  1657 | D:2      | Reached skill level 2 in Air Magic
  1820 | D:2      | Reached XP level 4. HP: 24/24 MP: 3/8
  2224 | D:2      | Found a bloodstained altar of Trog.
  2338 | D:2      | Reached skill level 4 in Poison Magic
  2355 | D:2      | HP: 12/24 [poisoned by an adder]
  2658 | D:2      | Gained mutation: You can fly. [Tengu growth]
  2658 | D:2      | Reached XP level 5. HP: 28/28 MP: 1/9
  3077 | D:3      | Noticed Terence
  3113 | D:3      | Killed Terence
  3113 | D:3      | Reached skill level 3 in Air Magic
  3769 | D:3      | Noticed Natasha
  3775 | D:3      | Killed Natasha
  4056 | D:3      | Noticed Natasha
  4060 | D:3      | Killed Natasha
  4672 | D:3      | Noticed Natasha
  4674 | D:3      | Killed Natasha
  4674 | D:3      | Reached XP level 6. HP: 32/32 MP: 5/10
  4756 | D:4      | Learned a level 4 spell: Olgreb's Toxic Radiance
  4915 | D:4      | Found a staircase to the Ecumenical Temple.
  4925 | Temple   | Entered the Ecumenical Temple
  5285 | D:4      | Reached skill level 5 in Poison Magic
  5478 | D:4      | Reached skill level 4 in Air Magic
  5671 | D:4      | Found an ornate altar of the Wu Jian Council.
  5673 | D:4      | Found a basalt altar of Yredelemnul.
  5673 | D:4      | Found a shadowy altar of Dithmenos.
  5673 | D:4      | Found a sacrificial altar of Ru.
  5673 | D:4      | Found a deep blue altar of Sif Muna.
  5673 | D:4      | Found a white marble altar of Elyvilon.
  5677 | D:4      | Found a shimmering altar of Xom.
  5681 | D:4      | Became a worshipper of Sif Muna the Loreminder
  5790 | D:4      | Found a snail-covered altar of Cheibriados.
  5899 | D:5      | Entered Level 5 of the Dungeon
  6172 | D:5      | Noticed an ice beast
  6281 | D:5      | Reached skill level 3 in Spellcasting
  6343 | D:5      | Noticed Eustachio
  6349 | D:5      | Noticed an ice beast
  6354 | D:5      | Killed Eustachio
  6354 | D:5      | Reached skill level 6 in Poison Magic
  6354 | D:5      | Reached XP level 7. HP: 35/36 MP: 1/12
  6510 | D:5      | Reached skill level 5 in Air Magic
  6728 | D:5      | HP: 16/36 [ice beast (4)]
  6728 | D:5      | HP: 2/36 [ice beast (14)]
  7317 | D:5      | HP: 10/36 [ice beast (9)]
  7342 | D:5      | HP: 12/36 [ice beast (1)]
  7723 | D:6      | Reached skill level 3 in Dodging
  7892 | D:6      | Reached XP level 8. HP: 41/41 MP: 0/13
  7945 | D:6      | Noticed Menkaure
  7967 | D:7      | Reached skill level 7 in Poison Magic
  8075 | D:7      | Found Xoulitug's Armour Shop.
  8091 | D:7      | Reached * piety under Sif Muna
  8204 | D:7      | Bought a cursed +0 buckler for 49 gold pieces
  8415 | D:7      | Reached skill level 1 in Shields
  8415 | D:7      | Reached skill level 6 in Air Magic
  8518 | D:7      | HP: 18/41 [centaur/arrow (4)]
  8578 | D:7      | Reached skill level 2 in Shields
  8703 | D:7      | Found a shimmering altar of Xom.
  8703 | D:7      | Found a shimmering altar of Xom.
  8703 | D:7      | Found a shimmering altar of Xom.
  8704 | D:7      | Found a shimmering altar of Xom.
  8705 | D:7      | Found a shimmering altar of Xom.
  8706 | D:7      | Found a shimmering altar of Xom.
  9280 | D:6      | Reached skill level 8 in Poison Magic
  9337 | D:7      | Reached skill level 3 in Shields
  9447 | D:7      | HP: 20/41 [wight/enchanted short sword (4)]
  9456 | D:7      | HP: 16/41 [wight/stone (5)]
  9464 | D:7      | HP: 1/41 [wight/hand axe (9)]
  9466 | D:7      | Hit by a stone thrown by a wight

Vanquished Creatures
  Eustachio (D:5)
  An ice beast (D:5)
  An orc warrior (D:7)
  3 ogres
  2 centaurs
  A bullfrog (D:7)
  A scorpion (D:6)
  3 wights (D:7)
  A centaur zombie (D:7)
  3 orc priests
  2 orc wizards (D:7)
  Natasha (thrice) (D:3)
  Terence (D:3)
  2 worker ants
  9 adders
  2 shadow imps
  An ooze (D:1)
  An adder skeleton (D:5)
  3 worms
  8 dart slugs
  6 leopard geckos
  10 orcs
  A ball python (D:4)
  6 giant cockroaches
  10 goblins
  3 hobgoblins
  9 jackals
  8 kobolds
  3 quokkas
  7 bats
  7 frilled lizards
  6 rats
125 creatures vanquished.

Vanquished Creatures (others)
  11 fungi (D:4)
11 creatures vanquished.

Grand Total: 136 creatures vanquished

Table legend:
 A = Turns spent in this place as a percentage of turns spent in the entire game.
 B = Non-inter-level travel turns spent in this place as a percentage of non-inter-level travel turns spent in the entire game.
 C = Inter-level travel turns spent in this place as a percentage of turns spent in this place.
 D = Turns resting spent in this place as a percentage of non-inter-level travel turns spent in this place.
 E = Turns spent auto-exploring this place as a percentage of non-inter-level travel turns spent in this place.
 F = Non-inter-level travel turns spent in this place divided by the number of levels of this place that you've seen.
                   A       B       C       D       E      F
               +-------+-------+-------+-------+-------+----------------------
         Total | 100.0 | 100.0 |   2.5 |  43.7 |  42.5 | 1154.1
       Dungeon |  99.0 |  99.1 |   2.3 |  44.1 |  42.0 | 1307.3
        Temple |   1.0 |   0.9 |  14.6 |   0.0 |  98.8 |  82.0
               +-------+-------+-------+-------+-------+----------------------
